 Dungeon Crawl Stone Soup version 0.31-a0-182-gc5ef74bbde (webtiles) character file.

Game seed: 17549805093819044853

64 qw the Chopper (level 4, 0/28 HPs)
             Began as a Gargoyle Fighter on June 20, 2023.
             Slain by an iguana (4 damage)
             ... on level 2 of the Dungeon.
             The game lasted 00:00:40 (1045 turns).

qw the Chopper (Gargoyle Fighter)                   Turns: 1045, Time: 00:00:41

Health: 0/28       AC: 10    Str: 22    XL:     4   Next: 12%
Magic:  4/4        EV:  9    Int:  8    God:
Gold:   73         SH:  4    Dex:  9    Spells: 3/3 levels left

rFire   . . .        Y - +0 war axe
rCold   . . .        c - +0 buckler
rNeg    + + .        b - +0 scale mail
rPois   inf          (no helmet)
rElec   +            (no cloak)
rCorr   .            (no gloves)
SInv    .            (no boots)
Will    .....        (no amulet) Stlth
                     e - ring of positive energy
HPRegen 0.24/turn    (no ring)
MPRegen 0.09/turn

%: no passive effects
@: no status effects
A: sickness immunity, AC +3, negative energy resistance 1, electricity
resistance, torment resistance 1, petrification resistance
a: no special abilities


You were on level 2 of the Dungeon.
You visited 1 branch of the dungeon, and saw 2 of its levels.

You collected 73 gold pieces.


Innate Abilities, Weirdness & Mutations

You are immune to sickness and miasma.
Your stone body is resilient. (AC +3)
You are immune to poison.
You resist negative energy. (rN+)
You are resistant to electric shocks. (rElec)
You are resistant to unholy torment.
You are immune to petrification.


   Skills:
 - Level 3.2 Fighting
 + Level 3.9 Axes
 - Level 3.2 Armour
 - Level 3.2 Shields


You had 3 spell levels left.
You didn't know any spells.
Your spell library was empty.

Inventory:

Hand Weapons
 f - a +0 club
 Y - a +0 war axe (weapon)
Armour
 b - a +0 scale mail (worn)
 c - a +0 buckler (worn)
Jewellery
 e - a ring of positive energy (left hand)
Scrolls
 h - a scroll of vulnerability {unknown}
Potions
 a - 2 potions of cancellation {unknown}
 d - 2 potions of might
 g - a potion of haste {unknown}
 i - a potion of berserk rage {unknown}

Dungeon Overview and Level Annotations

Branches:
Dungeon (2/15)

Altars:


Message History

i - a red potion
Enter note: You now have 73 gold pieces (gained 11).
Found a stone staircase leading up.
Enter note:
Enter note: You see here 4 stones.
A giant cockroach and an iguana come into view.
The iguana hisses angrily.
An adder comes into view.
Enter note:
Enter note: The adder hisses angrily.
You slash the giant cockroach!
You kill the giant cockroach!
You barely miss the adder. The adder barely misses you. x2
You miss the adder. The adder closely misses you. The adder bites you.
You slash the adder!
You kill the adder!
The iguana bites you.
You have reached level 4!
You feel stronger.
You barely miss the iguana. The iguana completely misses you.
You closely miss the iguana. The iguana bites you.
You slash the iguana!
The iguana is almost dead.
The iguana bites you. The iguana bites you!
You closely miss the iguana.
The iguana is almost dead.
The iguana bites you.
You hit the iguana but do no damage.
The iguana is almost dead.
The iguana barely misses you.
You barely miss the iguana.
The iguana is almost dead.
The iguana bites you.
You die...

. ..########### ............#
........###.# # #.........#.#
.# ...###+#.<#.# ..# ##
#.##.#.###...##.
#....#.(@l......
#..#####.....##...##.
.............+ .....
...#####.....# .#.. #.....# #
###....... #.....######...
...... #######.....#.....#
#....##
#.................###+#....#.
#.........###.#............#.


You could see an iguana.

Vanquished Creatures
  A gnoll (D:1)
  An adder (D:2)
  A worm (D:2)
  A dart slug (D:1)
  5 bats (D:1)
  4 endoplasms
  2 giant cockroaches (D:2)
  4 goblins
  6 hobgoblins
  2 quokkas (D:1)
  2 ball pythons
  2 frilled lizards
  3 kobolds (D:1)
  4 rats
38 creatures vanquished.

Notes
Turn   | Place    | Note
-------+----------+-------------------------------------------
     0 | D:1      | qw the Gargoyle Fighter began the quest for the Orb.
     0 | D:1      | Reached XP level 1. HP: 14/14 MP: 1/1
     0 | D:1      | 0 ||| qw: Version: 0.3-a-9-g12657ce
     0 | D:1      | 0 ||| qw: Game counter: 1377
     0 | D:1      | 0 ||| qw: Always use a shield: true
     0 | D:1      | 0 ||| qw: God list: Okawaru
     0 | D:1      | 0 ||| qw: Allow faded altars: false
     0 | D:1      | 0 ||| qw: Do Orc after D:15 true
     0 | D:1      | 0 ||| qw: Do second Lair branch before Depths: true
     0 | D:1      | 0 ||| qw: Lair rune preference: random
     0 | D:1      | 0 ||| qw: Plans: Normal, Zot:1-4, Slime:5, God:TSO, Crypt,
                  | Tomb, Abyss, Pan, Hells, Win
     0 | D:1      | 0 ||| PLANNING D:1-11
    14 | D:1      | 14 ||| Stepping ~*~*~tactically~*~*~ (hiding).
    29 | D:1      | 29 ||| Stepping ~*~*~tactically~*~*~ (stealth).
    30 | D:1      | 30 ||| Stepping ~*~*~tactically~*~*~ (stealth).
    53 | D:1      | Reached XP level 2. HP: 14/19 MP: 2/2
   188 | D:1      | Reached skill level 3 in Axes
   243 | D:1      | Reached XP level 3. HP: 23/23 MP: 3/3
   787 | D:1      | 787 ||| UPGRADING to ring of positive energy.
   788 | D:1      | 788 ||| DROPPING ring of flight.
   789 | D:1      | 789 ||| READING scroll labelled MUESIBL SOGAI.
   790 | D:1      | 790 ||| READING scroll labelled MOHUXAYNAI.
   791 | D:1      | 791 ||| READING 3 scrolls labelled WAJEN ICLYPID.
   792 | D:1      | 792 ||| DROPPING 2 scrolls of noise.
   859 | D:2      | 859 ||| Stepping ~*~*~tactically~*~*~ (stealth).
  1040 | D:2      | Reached XP level 4. HP: 25/28 MP: 4/4
  1042 | D:2      | HP: 6/28 [iguana (11)]
  1045 | D:2      | Slain by an iguana

Levels and vault maps discovered:
D:1:      tarquinn_simple_flora_water_b, layout_loops_ring
D:2:      layout_basic, shapermc_ecumenical_altar_hornbeckon,
          minmay_pentomino_v4

Skill      XL: |  1  2 |
---------------+-------+-----
Axes           | 2 3 |  3.9
Fighting       | |  3.2
Armour         | |  3.2
Shields        | |  3.2

Action                     |  1- 3 |  4- 6 || total
---------------------------+-------+-------++-------
  Melee: War axe           |   121 |     6 ||   127
    Use: Scroll            |     3 |       ||     3
 Armour: Scale mail        |    50 |       ||    50
  Dodge: Dodged            |    52 |     2 ||    54
  Block: Buckler           |    26 |       ||    26

Table legend:
 A = Non-vault XP
 B = Vault XP
 C = Vault XP percentage of total XP
 D = Non-vault monster count
 E = Vault monster count
 F = Vault count percentage of total count
                 A         B        C        D         E       F
            +---------+---------+-------+---------+---------+-------
      Total |      86 |       6 |   6.5 |      36 |       2 |   5.3
            +---------+---------+-------+---------+---------+-------
        D:1 |      55 |       0 |   0.0 |      25 |       0 |   0.0
        D:2 |      31 |       6 |  16.2 |      11 |       2 |  15.4
            +---------+---------+-------+---------+---------+-------
